 Dungeon Crawl Stone Soup version 0.22-a0-183-g9e71ff9 (webtiles) character file.

68 wolfsongas the Shield-Bearer (level 4, 0/35 HPs)
             Began as a Formicid Fighter on Feb 14, 2018.
             Slain by an adder (1 damage)
             ... on level 2 of the Dungeon.
             The game lasted 00:01:53 (1166 turns).

wolfsongas the Shield-Bearer (Formicid Fighter)     Turns: 1166, Time: 00:01:54

Health: 0/35       AC:  6    Str: 21    XL:     4   Next: 41%
Magic:  4/4        EV:  9    Int:  8    God:
Gold:   49         SH: 10    Dex: 10    Spells: 3/3 levels left

rFire    . . .     SeeInvis +   a - +0 war axe
rCold    + . .     Gourm    .   c - +1 shield
rNeg     . . .     Faith    .   n - +1 ring mail {rC+}
rPois    .         Spirit   .   (helmet unavailable)
rElec    .         Reflect  .   (no cloak)
rCorr    .         Harm     .   (no gloves)
MR       .....                  (no boots)
Stlth    ..........             (no amulet)
HPRegen  0.11/turn              (no ring)
MPRegen  0.09/turn              (no ring)

@: no status effects
A: permanent stasis, dig shafts and tunnels, four strong arms, antennae 3
a: Dig, Shaft Self


You were on level 2 of the Dungeon.
You were not hungry.

You visited 1 branch of the dungeon, and saw 2 of its levels.

You collected 49 gold pieces.

Inventory:

Hand Weapons
 a - a +0 war axe (weapon)
Armour
 c - a +1 shield (worn)
 n - a +1 ring mail of cold resistance (worn)
Scrolls
 l - a scroll of remove curse
Comestibles
 b - 3 chunks of flesh


   Skills:
 - Level 3.2 Fighting
 * Level 3.7 Axes
 - Level 3.2 Armour
 + Level 4.5 Shields


You had 3 spell levels left.
You didn't know any spells.

Dungeon Overview and Level Annotations

Branches:
Dungeon (2/15)

Altars:


Innate Abilities, Weirdness & Mutations

You cannot be hasted, slowed, berserked, paralysed or teleported.
You can dig through walls and to a lower floor.
Your four strong arms can wield two-handed weapons with a shield.
You have a pair of large antennae on your head. (SInv)


Message History

The adder hisses angrily.
You slash the worm! You block the hound's attack. x2
You closely miss the hound.
The hound is heavily wounded.
You hit the worm but do no damage. You block the hound's attack.
The worm barely misses you. The hound bites you but does no damage.
The adder closely misses you.
You closely miss the hound.
The hound is heavily wounded.
You closely miss the adder. You barely miss the worm.
You block the hound's attack. You block the adder's attack.
The hound stops to sniff the ground.
The hound misses you. The worm bites you!
* * * LOW HITPOINT WARNING * * *
You hit the worm but do no damage.
The worm is heavily wounded.
You closely miss the adder. You hit the hound.
The hound bites you but does no damage. You block the adder's attack.
You block the hound's attack. The adder bites you.
You die...

##### ?..$.
##..$## .....
##.....## .....#
#.......# ......
#.......#
......##.......#
...............#
......Sw.......#
#.....h@.<..รท..#
.##..###..!....#
... ##....<.# .
##..?#.# #..##.#
#..# .. ..... ..#
.........# ####..
..#


You could see a worm, a hound and an adder.

Vanquished Creatures
  2 adders
  2 oozes (D:1)
  A worm (D:1)
  2 dart slugs (D:1)
  2 leopard geckos (D:1)
  4 bats (D:1)
  3 giant cockroaches (D:1)
  3 goblins (D:1)
  4 hobgoblins (D:1)
  A quokka (D:2)
  3 frilled lizards (D:1)
  4 kobolds
  4 rats
35 creatures vanquished.

Notes
Turn   | Place    | Note
-------+----------+-------------------------------------------
     0 | D:1      | wolfsongas the Formicid Fighter began the quest for the Orb.
     0 | D:1      | Reached XP level 1. HP: 18/18 MP: 1/1
    91 | D:1      | Reached XP level 2. HP: 24/24 MP: 2/2
   202 | D:1      | Reached skill level 4 in Shields
   215 | D:1      | Reached XP level 3. HP: 26/29 MP: 3/3
   754 | D:2      | Reached XP level 4. HP: 18/35 MP: 4/4
  1165 | D:2      | HP: 1/35 [worm (10)]
  1166 | D:2      | Slain by an adder

Vault maps used:
D:1:      minmay_arrival_doors
D:2:      tso_altar, lemuel_crystal_altar, minmay_hexomino_f4, uniq_robin

Skill      XL: |  1  2  3 |
---------------+----------+-----
Shields        | 4 |  4.5
Axes           | 3 |  3.7
Fighting       | |  3.2
Armour         | |  3.2

Action                   |  1- 3 |  4- 6 || total
-------------------------+-------+-------++-------
Melee: War axe           |   102 |    24 ||   126
  Use: Scroll            |     7 |       ||     7
       Potion            |       |     1 ||     1
  Eat: Ration            |       |     1 ||     1
Armor: Scale mail        |    24 |       ||    24
       Ring mail         |    22 |    16 ||    38
Dodge: Dodged            |    36 |    18 ||    54
Block: Shield            |    51 |    31 ||    82

Table legend:
 A = Spawn XP
 B = Non-spawn XP
 C = Spawn XP percentage of total XP
 D = Spawn monster count
 E = Non-spawn monster count
 F = Spawn count percentage of total count
 G = Total turns spent on level
                    A         B        C        D         E        F      G
               +---------+---------+-------+---------+---------+-------+---------
         Total |       0 |      98 |   0.0 |       0 |      35 |   0.0 |  1166
               +---------+---------+-------+---------+---------+-------+---------
           D:1 |       0 |      80 |   0.0 |       0 |      31 |   0.0 |  1118
           D:2 |       0 |      18 |   0.0 |       0 |       4 |   0.0 |    48
               +---------+---------+-------+---------+---------+-------+---------
